 Dungeon Crawl Stone Soup version 0.22-a0-605-g9281fa2 (webtiles) character file.

57 Amnesiac the Insei (level 3, 0/18 HPs)
             Began as a Spriggan Transmuter on July 8, 2018.
             Succumbed to a worker ant's poison
             ... on level 4 of the Dungeon.
             The game lasted 00:02:43 (550 turns).

Amnesiac the Insei (Spriggan Transmuter)             Turns: 550, Time: 00:02:44

Health: 0/18       AC:  2    Str:  4 (6)  XL:     3   Next: 73%
Magic:  3/8        EV: 18    Int: 13 (15) God:
Gold:   70         SH:  0    Dex: 15 (16) Spells: 4/7 levels left

rFire    . . .     SeeInvis +     - Unarmed
rCold    . . .     Gourm    .   (shield restricted)
rNeg     . . .     Faith    .   b - +0 robe
rPois    .         Spirit   .   (helmet restricted)
rElec    .         Reflect  .   (no cloak)
rCorr    .         Harm     .   (gloves unavailable)
MR       .....                  (boots unavailable)
Stlth    +.........             (no amulet)
HPRegen  0.06/turn              (no ring)
MPRegen  0.11/turn              (no ring)

@: lethally poisoned (0 -> -8), berserk cooldown, slowed, quick
A: very small, unfitting armour, see invisible, herbivore, speed 3, slow
metabolism 2
a: no special abilities


You were on level 4 of the Dungeon.
You were not hungry.

You visited 1 branch of the dungeon, and saw 4 of its levels.

You collected 70 gold pieces.

Inventory:

Hand Weapons
 f - a +0 hunting sling
Missiles
 a - 39 arrows
Armour
 b - a +0 robe (worn)
Jewellery
 j - a +2 ring of protection {unknown}
Scrolls
 e - a scroll of random uselessness {!r, unknown}
 g - a scroll of remove curse {!r, unknown}
Potions
 c - 2 potions of degeneration {!q}
Comestibles
 d - 2 rations


   Skills:
 + Level 1.7 Fighting
 - Level 3.0 Dodging
 - Level 3.5 Unarmed Combat
 - Level 2.6 Spellcasting
 - Level 2.6 Transmutations


You had 4 spell levels left.
You knew the following spells:

 Your Spells              Type           Power        Failure   Level  Hunger
a - Beastly Appendage     Tmut           #.....       8%          1    #......
b - Sticks to Snakes      Tmut           #.......     12%         2    ###....

Your spell library contained the following spells:

 Spells                   Type           Power        Failure   Level  Hunger
 Spider Form              Tmut/Pois      #.........   38%         3    ###....
 Blade Hands              Tmut           #.........   91%         5    ######.
 Ice Form                 Ice/Tmut       #.......     80%         4    #####..


Dungeon Overview and Level Annotations

Branches:
Dungeon (4/15)
 Temple: D:4-7

Altars:
Dithmenos
Elyvilon
Qazlal
Zin

Shops:
D:4 [

Annotations:
D:3 Ijyb


Innate Abilities, Weirdness & Mutations

You are very small and have problems with some larger weapons.
You are too small for most types of armour.
You have supernaturally acute eyesight. (SInv)
You are a herbivore.
You cover ground extremely quickly.
You need to consume almost no food.


Message History

You are poisoned.
The worker ant poisons you!
Unknown command.
You hit the worker ant but do no damage.
You feel sick. The worker ant bites you!
* * * LOW HITPOINT WARNING * * *
You are more poisoned.
The worker ant poisons you!
Your ball python grabs the worker ant.
Your ball python constricts the worker ant.
* * * LOW HITPOINT WARNING * * *
You feel sick.
The worker ant struggles to escape constriction.
Really quaff
c - 3 dark potions {!q}?
It was a potion of degeneration {!q}.
There was something very wrong with that liquid.
You feel weakened.
You feel dopey.
You feel clumsy.
* * * LOW HITPOINT WARNING * * *
You feel sick.
Your ball python constricts the worker ant.
The worker ant struggles to escape constriction.
Your ball python constricts the worker ant.
Really quaff
i - a grey potion {!q}?
It was a potion of cancellation {!q}.
Your magical effects are unravelling.
You feel magically purged.
Your talons disappear.
* * * LOW HITPOINT WARNING * * *
You feel sick.
The worker ant struggles to escape constriction.
Your ball python constricts the worker ant.
The worker ant bites your ball python.
Your ball python dies!
The worker ant twitches its antennae in your direction.
Really quaff
h - a potion of berserk rage {!q}?
A red film seems to cover your vision as you go berserk!
You feel yourself moving faster!
You feel mighty!
* * * LOW HITPOINT WARNING * * *
You feel sick.
You punch the worker ant!
The worker ant is severely wounded.
You closely miss the worker ant.
The worker ant is severely wounded.
* * * LOW HITPOINT WARNING * * *
You feel sick. The worker ant barely misses you.
You closely miss the worker ant.
The worker ant is severely wounded.
The worker ant misses you.
You punch the worker ant!
You kill the worker ant!
You feel your dexterity returning.
* * * LOW HITPOINT WARNING * * *
You feel sick.
You see here a worker ant corpse.
You feel a strong urge to attack something.
* * * LOW HITPOINT WARNING * * *
You feel sick.
You feel your anger nearly subside.
You are no longer berserk.
You are exhausted.
You feel yourself slow down.
* * * LOW HITPOINT WARNING * * *
You feel sick.
You see here 31 arrows.
a - 39 arrows (gained 31)
You die...

#. .# #.# .#
###.###. #......#
#......####
#.........
#......#####
######...@.......
.............####
#####.......#
########.#####.#
...............#
.######†#####..#
#.# .# #.# .. #.#
.#


There were no monsters in sight!

Vanquished Creatures
  A hound (D:4)
  A worker ant (D:4)
  An adder skeleton (D:4)
  An orc (D:4)
  A hobgoblin (D:2)
  A kobold (D:3)
  A rat (D:3)
7 creatures vanquished.

Notes
Turn   | Place    | Note
-------+----------+-------------------------------------------
     0 | D:1      | Amnesiac the Spriggan Transmuter began the quest for the Orb.
     0 | D:1      | Reached XP level 1. HP: 9/9 MP: 5/5
    36 | D:2      | Reached skill level 1 in Fighting
    70 | D:3      | Noticed Ijyb
   253 | D:3      | Found a white marble altar of Elyvilon.
   253 | D:3      | Found a shadowy altar of Dithmenos.
   259 | D:3      | Found a faded altar of an unknown god.
   262 | D:3      | Found a glowing silver altar of Zin.
   266 | D:3      | Found a stormy altar of Qazlal.
   328 | D:3      | Paralysed by Ijyb for 5 turns
   349 | D:3      | Paralysed by Ijyb for 4 turns
   448 | D:4      | Reached XP level 2. HP: 14/14 MP: 4/6
   453 | D:4      | Learned a level 2 spell: Sticks to Snakes
   454 | D:4      | Found Tazxo's Antique Armour Emporium.
   469 | D:4      | Reached XP level 3. HP: 15/18 MP: 1/8
   550 | D:4      | Succumbed to a worker ant's poison

Vault maps used:
D:1:      ncdulo_lavacross, kennysheep_crisscross, serial_bayou_pond_a,
          minmay_pentomino_w4
D:2:      kennysheep_jessica_study, uniq_crazy_yiuf_cottage
D:3:      chequers_temple_overflow_minitemple, kennysheep_generic_room_14,
          uniq_ijyb
D:4:      serial_shops, shop

Skill      XL: |  1  2 |
---------------+-------+-----
Fighting       | 1 |  1.7
Unarmed Combat | 3 |  3.5
Dodging        | |  3.0
Spellcasting   | |  2.6
Transmutations | |  2.6

Action                   || total
-------------------------++-------
Melee: Unarmed           ||    31
       Kick              ||     4
       Headbutt          ||     2
       Punch             ||     1
 Cast: Beastly Appendage ||     7
       Sticks to Snakes  ||     4
  Use: Potion            ||     3
Armor: Robe              ||     9
Dodge: Dodged            ||    29

Table legend:
 A = Spawn XP
 B = Non-spawn XP
 C = Spawn XP percentage of total XP
 D = Spawn monster count
 E = Non-spawn monster count
 F = Spawn count percentage of total count
 G = Total turns spent on level
                    A         B        C        D         E        F      G
               +---------+---------+-------+---------+---------+-------+---------
         Total |       0 |      82 |   0.0 |       0 |       7 |   0.0 |   550
               +---------+---------+-------+---------+---------+-------+---------
           D:2 |       0 |       2 |   0.0 |       0 |       1 |   0.0 |    49
           D:3 |       0 |       3 |   0.0 |       0 |       2 |   0.0 |   324
           D:4 |       0 |      77 |   0.0 |       0 |       4 |   0.0 |   156
               +---------+---------+-------+---------+---------+-------+---------
